| TOP OF THE 1ST |
|
Waynesboro Braves batting - Pitching for Covington Blue Sox : RHP Javier Landeros
|
|
Pitching: RHP Javier Landeros
|
|
|
Batting: LHB Keith Ross
|
0-0: Ball 1-0: Ground out U3 (Groundball, 34, EV 85.6 MPH)
|
|
Batting: RHB Sam Khalifa
|
0-0: Called Strike 0-1: Swinging Strike 0-2: Ball 1-2: Fly out, F8 (Line Drive, 8LM, EV 96.3 MPH)
|
|
Batting: RHB Gary Gill
|
0-0: Ball 1-0: Swinging Strike 1-1: Ball 2-1: Ball 3-1: Called Strike 3-2: Foul Ball, location: 2F 3-2: Foul Ball, location: 2F 3-2: Strikes out swinging
|
| Top of the 1st over - 0 runs, 0 hits, 0 errors, 0 left on base; Waynesboro 0 - Covington 0 |
| BOTTOM OF THE 1ST |
|
Covington Blue Sox batting - Pitching for Waynesboro Braves : RHP Scott Skripko
|
|
Pitching: RHP Scott Skripko
|
|
|
Batting: RHB Douglas Palmer
|
0-0: Ball 1-0: Ball 2-0: Called Strike 2-1: Fly out, F3 (Popup, 3S, EV 86.3 MPH)
|
|
Batting: RHB John Halasz
|
0-0: Ball 1-0: Swinging Strike 1-1: Ground out 4-3 (Groundball, 4, EV 85.6 MPH)
|
|
Batting: LHB Tito Nanni
|
0-0: Ball 1-0: Ground out 5-3 (Groundball, 56, EV 88.8 MPH)
|
| Bottom of the 1st over - 0 runs, 0 hits, 0 errors, 0 left on base; Waynesboro 0 - Covington 0 |
| TOP OF THE 2ND |
|
Waynesboro Braves batting - Pitching for Covington Blue Sox : RHP Javier Landeros
|
|
Batting: RHB Bob Calley
|
0-0: Ground out 5-3 (Groundball, 56S, EV 92.5 MPH)
|
|
Batting: RHB Richie Carter
|
0-0: Ball 1-0: Ground out 3-1 (Groundball, 34, EV 100.6 MPH)
|
|
Batting: RHB Roberto Carrero
|
0-0: Called Strike 0-1: Ball 1-1: Ball 2-1: SINGLE (Groundball, 56D, EV 102.5 MPH)
|
|
Batting: RHB Juan Velazquez
|
0-0: Called Strike 0-1: Ball 1-1: Ball 2-1: Ball 3-1: Called Strike 3-2: Base on Balls Roberto Carrero to second
|
|
Batting: RHB Thomas Walker
|
0-0: Reached on error, E6 (Groundball, 6, EV 87.5 MPH) Roberto Carrero to third Juan Velazquez to second
|
|
Batting: RHB Andres Amoros
|
0-0: Called Strike 0-1: Foul Ball, location: 2F 0-2: Ball 1-2: Foul Ball, location: 2F 1-2: Ball 2-2: Ball 3-2: Strikes out looking
|
| Top of the 2nd over - 0 runs, 1 hit, 1 error, 3 left on base; Waynesboro 0 - Covington 0 |
| BOTTOM OF THE 2ND |
|
Covington Blue Sox batting - Pitching for Waynesboro Braves : RHP Scott Skripko
|
|
Batting: RHB Francisco Batista
|
0-0: Ball 1-0: Called Strike 1-1: Foul Ball, location: 2F 1-2: Ground out 6-3 (Groundball, 6, EV 80.0 MPH)
|
|
Batting: RHB Reginald Dewar
|
0-0: DOUBLE (Line Drive, 9LS, EV 96.9 MPH)
|
|
Batting: RHB Joseph Tarver
|
0-0: Ball 1-0: Ball Wild Pitch! Reginald Dewar to third 2-0: Ball 3-0: Base on Balls
|
|
Batting: RHB William Hoff
|
0-0: Called Strike 0-1: Called Strike 0-2: Ball 1-2: Ball Joseph Tarver steals 2nd base 2-2: Ball 3-2: Base on Balls
|
|
Batting: LHB Scott Hood
|
0-0: Fielders Choice at 2nd, 4-6 (Groundball, 4, EV 101.3 MPH) Reginald Dewar scores Joseph Tarver to third
|
|
Batting: RHB Kenneth Bodle
|
0-0: Called Strike 0-1: Ball Wild Pitch! Joseph Tarver scores Scott Hood to second 1-1: Ball 2-1: Ball 3-1: Foul Ball, location: 2F 3-2: Base on Balls
|
|
Batting: RHB Douglas Palmer
|
0-0: Ball 1-0: Ball 2-0: Called Strike 2-1: Swinging Strike 2-2: Ball 3-2: Foul Ball, location: 2F 3-2: Base on Balls Scott Hood to third Kenneth Bodle to second
|
|
Batting: RHB John Halasz
|
0-0: Ball 1-0: Foul Ball, location: 2F 1-1: Foul Ball, location: 2F 1-2: Ground out 1-3 (Groundball, 13S, EV 70.6 MPH)
|
| Bottom of the 2nd over - 2 runs, 1 hit, 0 errors, 3 left on base; Waynesboro 0 - Covington 2 |
| TOP OF THE 3RD |
|
Waynesboro Braves batting - Pitching for Covington Blue Sox : RHP Javier Landeros
|
|
Batting: LHB Keith Ross
|
0-0: Ball 1-0: DOUBLE (Line Drive, 89D, EV 100.0 MPH)
|
|
Batting: RHB Sam Khalifa
|
0-0: Ground out 6-3 (Groundball, 6M, EV 95.0 MPH) Keith Ross to third
|
|
Batting: RHB Gary Gill
|
0-0: Foul Ball, location: 2F 0-1: Ball 1-1: Swinging Strike 1-2: Strikes out swinging, 2-3 out at first.
|
|
Batting: RHB Bob Calley
|
0-0: Ball 1-0: Ball 2-0: Ball 3-0: Base on Balls
|
|
Batting: RHB Richie Carter
|
0-0: Called Strike 0-1: Ball 1-1: Swinging Strike 1-2: SINGLE (Flyball, 4D, EV 91.9 MPH) Keith Ross scores Bob Calley to second Runner from 2nd tries for 3rd, SAFE, no throw by CF
|
|
Batting: RHB Roberto Carrero
|
0-0: Called Strike 0-1: Ball 1-1: SINGLE (Line Drive, 89M, EV 92.5 MPH) Bob Calley scores Richie Carter to second Runner from 2nd tries for 3rd, SAFE, no throw by RF
|
|
Batting: RHB Juan Velazquez
|
0-0: Foul Ball, location: 2F 0-1: Ball 1-1: Swinging Strike 1-2: Ball 2-2: Foul Ball, location: 2F 2-2: SINGLE (Line Drive, 56, EV 96.3 MPH) Richie Carter scores Roberto Carrero to second
|
|
Batting: RHB Thomas Walker
|
0-0: Fielders Choice at 2nd, 6-4 (Groundball, 6, EV 89.4 MPH)
|
| Top of the 3rd over - 3 runs, 4 hits, 0 errors, 2 left on base; Waynesboro 3 - Covington 2 |
| BOTTOM OF THE 3RD |
|
Covington Blue Sox batting - Pitching for Waynesboro Braves : RHP Scott Skripko
|
|
Batting: LHB Tito Nanni
|
0-0: Called Strike 0-1: Called Strike 0-2: Ball 1-2: Fly out, F7 (Flyball, 7D, EV 104.4 MPH)
|
|
Batting: RHB Francisco Batista
|
0-0: SINGLE (Groundball, 34D, EV 108.1 MPH) (infield hit)
|
|
Batting: RHB Reginald Dewar
|
0-0: Ball 1-0: Fly out, F7 (Flyball, 7, EV 87.5 MPH)
|
|
Batting: RHB Joseph Tarver
|
0-0: Called Strike Francisco Batista steals 2nd base 0-1: Ball 1-1: Called Strike 1-2: Ball 2-2: Foul Ball, location: 2F 2-2: Foul Ball, location: 2F 2-2: Ball 3-2: Foul Ball, location: 2F 3-2: Base on Balls
|
|
Batting: RHB William Hoff
|
0-0: Ball 1-0: Called Strike 1-1: Foul Ball, location: 2F 1-2: Ball 2-2: Ball 3-2: Base on Balls Francisco Batista to third Joseph Tarver to second
|
|
Pitching: RHP Brent Wittmayer
|
|
|
Batting: LHB Scott Hood
|
0-0: Ball 1-0: Ball 2-0: Ball 3-0: Called Strike 3-1: Fly out, F8 (Flyball, 8RD, EV 98.8 MPH)
|
| Bottom of the 3rd over - 0 runs, 1 hit, 0 errors, 3 left on base; Waynesboro 3 - Covington 2 |
| TOP OF THE 4TH |
|
Waynesboro Braves batting - Pitching for Covington Blue Sox : RHP Javier Landeros
|
|
Batting: RHB Andres Amoros
|
0-0: Reached on error, E5 (Groundball, 56S, EV 61.9 MPH)
|
|
Batting: LHB Keith Ross
|
0-0: Ball 1-0: Swinging Strike 1-1: Called Strike 1-2: Ball 2-2: Strikes out swinging
|
|
Batting: RHB Sam Khalifa
|
0-0: Called Strike 0-1: Ball 1-1: Ball 2-1: Called Strike 2-2: Ball 3-2: Base on Balls
|
|
Batting: RHB Gary Gill
|
0-0: Ball 1-0: Called Strike 1-1: Ball 2-1: Swinging Strike 2-2: DOUBLE (Flyball, 7LD, EV 97.5 MPH) Andres Amoros scores Sam Khalifa to third
|
|
Batting: RHB Bob Calley
|
0-0: Swinging Strike 0-1: Ball 1-1: Ground out 4-3 (Groundball, 34D, EV 106.3 MPH) Sam Khalifa scores Gary Gill to third
|
|
Batting: RHB Richie Carter
|
0-0: Reached on error, E4 (Groundball, 4, EV 87.5 MPH) Gary Gill scores
|
|
Batting: RHB Roberto Carrero
|
0-0: Swinging Strike 0-1: Fly out, F5 (Line Drive, 5, EV 71.3 MPH)
|
| Top of the 4th over - 3 runs, 1 hit, 2 errors, 1 left on base; Waynesboro 6 - Covington 2 |
| BOTTOM OF THE 4TH |
|
Covington Blue Sox batting - Pitching for Waynesboro Braves : RHP Brent Wittmayer
|
|
Batting: RHB Kenneth Bodle
|
0-0: Called Strike 0-1: Ball 1-1: Ball 2-1: Foul Ball, location: 2F 2-2: Foul Ball, location: 2F 2-2: Foul Ball, location: 2F 2-2: Fly out, F7 (Flyball, 7LM, EV 80.0 MPH)
|
|
Batting: RHB Douglas Palmer
|
0-0: Ball 1-0: Called Strike 1-1: Fly out, F9 (Flyball, 9D, EV 95.6 MPH)
|
|
Batting: RHB John Halasz
|
0-0: Foul Ball, location: 2F 0-1: Ground out 4-3 (Groundball, 4S, EV 78.1 MPH)
|
| Bottom of the 4th over - 0 runs, 0 hits, 0 errors, 0 left on base; Waynesboro 6 - Covington 2 |
| TOP OF THE 5TH |
|
Waynesboro Braves batting - Pitching for Covington Blue Sox : RHP Javier Landeros
|
|
Batting: RHB Juan Velazquez
|
0-0: Ball 1-0: Foul Ball, location: 2F 1-1: Called Strike 1-2: Ball 2-2: Ball 3-2: Base on Balls
|
|
Pitching: RHP Leo Lopez
|
|
|
Batting: RHB Thomas Walker
|
0-0: Called Strike 0-1: Grounds into double play, 5-4-3 (Groundball, 5, EV 99.4 MPH)
|
|
Batting: RHB Andres Amoros
|
0-0: Ball 1-0: Swinging Strike 1-1: Ball 2-1: Ball 3-1: Called Strike 3-2: Strikes out swinging, 2-3 out at first.
|
| Top of the 5th over - 0 runs, 0 hits, 0 errors, 0 left on base; Waynesboro 6 - Covington 2 |
| BOTTOM OF THE 5TH |
|
Covington Blue Sox batting - Pitching for Waynesboro Braves : RHP Brent Wittmayer
|
|
Batting: LHB Tito Nanni
|
0-0: Ball 1-0: Ball 2-0: Ball 3-0: Called Strike 3-1: Foul Ball, location: 2F 3-2: SINGLE (Groundball, 56D, EV 108.1 MPH)
|
|
Batting: RHB Francisco Batista
|
0-0: Ball 1-0: Ball 2-0: Called Strike 2-1: Grounds into double play, U6-3 (Groundball, 4M, EV 106.9 MPH)
|
|
Batting: RHB Reginald Dewar
|
0-0: Called Strike 0-1: Ball 1-1: Ball 2-1: Foul Ball, location: 2F 2-2: Foul Ball, location: 2F 2-2: Foul Ball, location: 2F 2-2: Fly out, F6 (Popup, 15S, EV 86.9 MPH)
|
| Bottom of the 5th over - 0 runs, 1 hit, 0 errors, 0 left on base; Waynesboro 6 - Covington 2 |
| TOP OF THE 6TH |
|
Waynesboro Braves batting - Pitching for Covington Blue Sox : RHP Leo Lopez
|
|
Batting: LHB Keith Ross
|
0-0: Swinging Strike 0-1: Ball 1-1: Ball 2-1: Fly out, F9 (Flyball, 9S, EV 80.6 MPH)
|
|
Batting: RHB Sam Khalifa
|
0-0: Ground out 4-3 (Groundball, 4, EV 81.3 MPH)
|
|
Batting: RHB Gary Gill
|
0-0: Called Strike 0-1: Foul Ball, location: 2F 0-2: Ball 1-2: Ball 2-2: Foul Ball, location: 2F 2-2: Strikes out swinging
|
| Top of the 6th over - 0 runs, 0 hits, 0 errors, 0 left on base; Waynesboro 6 - Covington 2 |
| BOTTOM OF THE 6TH |
|
Covington Blue Sox batting - Pitching for Waynesboro Braves : RHP Brent Wittmayer
|
|
Batting: RHB Joseph Tarver
|
0-0: Ball 1-0: Called Strike 1-1: Called Strike 1-2: Ball 2-2: Foul Ball, location: 2F 2-2: Fly out, F7 (Flyball, 78S, EV 90.0 MPH)
|
|
Batting: RHB William Hoff
|
0-0: Ball 1-0: Ball 2-0: SINGLE (Groundball, 34D, EV 105.0 MPH)
|
|
Batting: LHB Scott Hood
|
0-0: Called Strike 0-1: Called Strike 0-2: Ball 1-2: Ball 2-2: Grounds into double play, 4-6-3 (Groundball, 34, EV 106.3 MPH)
|
| Bottom of the 6th over - 0 runs, 1 hit, 0 errors, 0 left on base; Waynesboro 6 - Covington 2 |
| TOP OF THE 7TH |
|
Waynesboro Braves batting - Pitching for Covington Blue Sox : RHP Leo Lopez
|
|
Batting: RHB Bob Calley
|
0-0: Fly out, F9 (Flyball, 9D, EV 100.6 MPH)
|
|
Batting: RHB Richie Carter
|
0-0: Ball 1-0: Called Strike 1-1: Called Strike 1-2: Strikes out swinging
|
|
Batting: RHB Roberto Carrero
|
0-0: Ball 1-0: Ball 2-0: Foul Ball, location: 2F 2-1: Called Strike 2-2: Foul Ball, location: 2F 2-2: Ball 3-2: Fly out, F7 (Flyball, 7LM, EV 89.4 MPH)
|
| Top of the 7th over - 0 runs, 0 hits, 0 errors, 0 left on base; Waynesboro 6 - Covington 2 |
| BOTTOM OF THE 7TH |
|
Covington Blue Sox batting - Pitching for Waynesboro Braves : RHP Brent Wittmayer
|
|
Batting: RHB Kenneth Bodle
|
0-0: Ball 1-0: Fly out, F6 (Flyball, 6D, EV 78.8 MPH)
|
|
Batting: RHB Douglas Palmer
|
0-0: Foul Ball, location: 2F 0-1: Ball 1-1: Foul Ball, location: 2F 1-2: Ball 2-2: Strikes out looking
|
|
Batting: RHB John Halasz
|
0-0: SINGLE (Line Drive, 8RS, EV 107.5 MPH)
|
|
Batting: LHB Tito Nanni
|
0-0: Called Strike John Halasz steals 2nd base (no throw) 0-1: DOUBLE (Flyball, 78D, EV 91.9 MPH) John Halasz scores
|
|
Batting: RHB Francisco Batista
|
0-0: DOUBLE (Flyball, 8RXD, EV 110.6 MPH) Tito Nanni scores
|
|
Batting: RHB Reginald Dewar
|
0-0: Reached on error, E3 (Groundball, 3, EV 86.3 MPH) Francisco Batista to third
|
|
Batting: RHB Joseph Tarver
|
0-0: Ball 1-0: Ball 2-0: Foul Ball, location: 2F 2-1: SINGLE (Flyball, 4MD, EV 94.4 MPH) Francisco Batista scores Reginald Dewar to second
|
|
Pitching: RHP Mike Norment
|
|
|
Batting: RHB William Hoff
|
0-0: Ball 1-0: Ball 2-0: Ball 3-0: Base on Balls Reginald Dewar to third Joseph Tarver to second
|
|
Batting: LHB Scott Hood
|
0-0: Foul Ball, location: 2F 0-1: Called Strike 0-2: Ball 1-2: Ball Wild Pitch! Reginald Dewar scores Joseph Tarver to third William Hoff to second 2-2: Ball Wild Pitch! Joseph Tarver scores William Hoff to third 3-2: Foul Ball, location: 2F 3-2: Foul Ball, location: 2F 3-2: Ground out 5-3 (Groundball, 5, EV 87.5 MPH)
|
| Bottom of the 7th over - 5 runs, 4 hits, 1 error, 1 left on base; Waynesboro 6 - Covington 7 |
| TOP OF THE 8TH |
|
Waynesboro Braves batting - Pitching for Covington Blue Sox : RHP Leo Lopez
|
|
Batting: RHB Juan Velazquez
|
0-0: Ball 1-0: Foul Ball, location: 2F 1-1: Swinging Strike 1-2: Foul Ball, location: 2F 1-2: Foul Ball, location: 2F 1-2: SINGLE (Line Drive, 7LS, EV 108.8 MPH)
|
|
Pitching: RHP Rick Rodriguez
|
|
|
Pinch Hitting: RHB Tony Woods
|
0-0: Bunted foul 0-1: Bunted foul 0-2: Foul Ball, location: 2F 0-2: Ball 1-2: Strikes out swinging
|
|
Pinch Hitting: LHB Otis Green
|
0-0: Ball 1-0: Foul Ball, location: 2F 1-1: Called Strike 1-2: Fly out, F6 (Line Drive, 6, EV 60.6 MPH)
|
|
Batting: LHB Keith Ross
|
0-0: Foul Ball, location: 2F 0-1: 2-RUN HOME RUN (Flyball, 9D, EV 91.9 MPH), Distance : 363 ft
|
|
Batting: RHB Sam Khalifa
|
0-0: Ball 1-0: Fly out, F7 (Flyball, 7LS, EV 82.5 MPH)
|
| Top of the 8th over - 2 runs, 2 hits, 0 errors, 0 left on base; Waynesboro 8 - Covington 7 |
| BOTTOM OF THE 8TH |
|
Covington Blue Sox batting - Pitching for Waynesboro Braves : RHP Mike Norment
|
|
Now at 2B: Angelo Bruno
|
|
|
Now in CF: Stanley Palmore
|
|
|
Batting: RHB Kenneth Bodle
|
0-0: Foul Ball, location: 2F 0-1: Ball 1-1: Swinging Strike 1-2: Foul Ball, location: 2F 1-2: Foul Ball, location: 2F 1-2: Ball 2-2: Ball 3-2: SINGLE (Line Drive, 7S, EV 103.8 MPH)
|
|
Batting: RHB Douglas Palmer
|
0-0: Ball 1-0: Ball 2-0: Called Strike 2-1: Ball 3-1: Base on Balls Kenneth Bodle to second
|
|
Pinch Hitting: LHB John Young
|
0-0: Called Strike 0-1: Reached on error, E1 (Groundball, 13S, EV 68.8 MPH) Kenneth Bodle to third Douglas Palmer to second
|
|
Batting: LHB Tito Nanni
|
0-0: Ball 1-0: Ball 2-0: Grounds into fielders choice 6-2 (Groundball, 56, EV 101.9 MPH) Douglas Palmer to third John Young to second
|
|
Batting: RHB Francisco Batista
|
0-0: Foul Ball, location: 2F 0-1: Called Strike 0-2: Ball 1-2: Ball 2-2: Foul Ball, location: 2F 2-2: Ball 3-2: Foul Ball, location: 2F 3-2: Grounds into fielders choice 4-2 (Groundball, 4, EV 107.5 MPH) John Young to third Tito Nanni to second
|
|
Batting: RHB Reginald Dewar
|
0-0: Ball 1-0: Foul Ball, location: 2F 1-1: Ball 2-1: Fly out, F5 (Popup, 5F, EV 75.0 MPH)
|
| Bottom of the 8th over - 0 runs, 1 hit, 1 error, 3 left on base; Waynesboro 8 - Covington 7 |
| TOP OF THE 9TH |
|
Waynesboro Braves batting - Pitching for Covington Blue Sox : RHP Rick Rodriguez
|
|
Now in LF: Sam Haro
|
|
|
Batting: RHB Gary Gill
|
0-0: Foul Ball, location: 2F 0-1: Ball 1-1: Swinging Strike 1-2: Foul Ball, location: 2F 1-2: Ball 2-2: Foul Ball, location: 2F 2-2: Strikes out looking
|
|
Batting: RHB Bob Calley
|
0-0: Foul Ball, location: 2F 0-1: Ball 1-1: DOUBLE (Line Drive, 9LS, EV 106.3 MPH)
|
|
Batting: RHB Richie Carter
|
0-0: Intentional Walk
|
|
Pinch Runner at 2nd Mauricio Nunez:
|
|
|
Batting: RHB Roberto Carrero
|
0-0: Foul Ball, location: 2F 0-1: Ball 1-1: Ball 2-1: Ball 3-1: Fly out, F8 (Flyball, 8LXD, EV 99.4 MPH) Runner from 2nd tags up, SAFE at 3rd, no throw by CF
|
|
Batting: RHB Juan Velazquez
|
0-0: Ball 1-0: Ball 2-0: SINGLE (Groundball, 6MD, EV 100.0 MPH) Mauricio Nunez scores Richie Carter to second Runner from 2nd tries for 3rd, SAFE, no throw by CF
|
|
Batting: RHB Angelo Bruno
|
0-0: Ball 1-0: Swinging Strike 1-1: Ball 2-1: Swinging Strike 2-2: SINGLE (Line Drive, 7S, EV 104.4 MPH) Richie Carter scores Juan Velazquez to second
|
|
Pitching: RHP Oscar Tavarez
|
|
|
Batting: RHB Stanley Palmore
|
0-0: Ball 1-0: Ball 2-0: TRIPLE (Line Drive, 8RXD, EV 105.6 MPH) Juan Velazquez scores Angelo Bruno scores
|
|
Batting: LHB Keith Ross
|
0-0: Called Strike 0-1: Ball 1-1: SINGLE (Line Drive, 8LS, EV 87.5 MPH) Stanley Palmore scores
|
|
Batting: RHB Sam Khalifa
|
0-0: Called Strike 0-1: Ball 1-1: Ball 2-1: Ball 3-1: Base on Balls Keith Ross to second
|
|
Batting: RHB Gary Gill
|
0-0: Foul Ball, location: 2F 0-1: Fly out, F9 (Flyball, 9LS, EV 89.4 MPH)
|
| Top of the 9th over - 5 runs, 5 hits, 0 errors, 2 left on base; Waynesboro 13 - Covington 7 |
| BOTTOM OF THE 9TH |
|
Covington Blue Sox batting - Pitching for Waynesboro Braves : RHP Mike Norment
|
|
Now at 1B: Jorge Llano
|
|
|
Batting: RHB Joseph Tarver
|
0-0: Ball 1-0: Foul Ball, location: 2F 1-1: Called Strike 1-2: Ball 2-2: Foul Ball, location: 2F 2-2: Ball 3-2: Base on Balls
|
|
Batting: RHB William Hoff
|
0-0: Ball 1-0: Swinging Strike 1-1: Called Strike 1-2: Ball 2-2: Ball 3-2: Base on Balls Joseph Tarver to second
|
|
Batting: LHB Scott Hood
|
0-0: Foul Ball, location: 2F 0-1: Fly out, F4 (Popup, 4MD, EV 73.1 MPH)
|
|
Batting: RHB Kenneth Bodle
|
0-0: Ball Wild Pitch! Joseph Tarver to third William Hoff to second 1-0: Foul Ball, location: 2F 1-1: Ball 2-1: SINGLE (Line Drive, 89S, EV 105.6 MPH) Joseph Tarver scores William Hoff to third
|
|
Pitching: RHP Danny Chapa
|
|
|
Batting: RHB Douglas Palmer
|
0-0: Reached on error, E4 (Groundball, 4, EV 95.6 MPH) William Hoff scores Kenneth Bodle to second
|
|
Batting: SHB Sam Haro
|
0-0: Ball 1-0: Ball 2-0: Fly out, F3 (Popup, 23F, EV 83.1 MPH)
|
|
Batting: LHB Tito Nanni
|
0-0: Called Strike 0-1: Ground out 4-3 (Groundball, 34D, EV 91.9 MPH)
|
| Bottom of the 9th over - 2 runs, 1 hit, 1 error, 2 left on base; Waynesboro 13 - Covington 9 |
|